 Dungeon Crawl Stone Soup version 0.20.1-1-g8b1a95d (webtiles) character file.

215084 Mesmaeker13 the Imperceptible (level 18, -7/86 HPs)
             Began as a Spriggan Assassin on Aug 14, 2017.
             Was the Champion of Kikubaaqudgha.
             Mangled by a vault warden
             ... wielding a +3 glaive of venom
              (27 damage)
             ... on level 2 of the Vaults.
             The game lasted 03:03:51 (48357 turns).

Mesmaeker13 the Imperceptible (Spriggan Assassin)  Turns: 48357, Time: 03:03:52

Health: -7/86      AC:  8    Str:  8    XL:     18   Next: 32%
Magic:  7/34       EV: 38    Int: 30    God:    Kikubaaqudgha [******]
Gold:   2605       SH: 10    Dex: 23    Spells: 5/39 levels left

rFire    + . .     SeeInvis +   a - +9 dagger (pain)
rCold    + . .     Gourm    .   x - +1 buckler
rNeg     . . .     Faith    .   B - +1 robe {MR+}
rPois    .         Spirit   .   b - +1 hat {SInv}
rElec    .         Reflect  .   d - +0 cloak
rCorr    .         Harm     .   (gloves unavailable)
MR       +++++                  (boots unavailable)
Stlth    +++++++++.             (no amulet)
Regen    1.3/turn               F - ring of protection from fire
MPRegen  0.3/turn               v - ring "Qudubopp" {*Contam rC+ Int+7 SInv}

@: brilliant, lethally poisoned (-7 -> -9), regenerating, very quick
A: unfitting armour, thin metallic scales 2, see invisible, agile 1, clever 1,
herbivore 3, speed 3, magic resistance 1, slow metabolism 2, evolution 1
}: 1/15 runes: barnacled
a: Receive Corpses, Torment, Renounce Religion


You were on level 2 of the Vaults.
You worshipped Kikubaaqudgha.
Kikubaaqudgha was exalted by your worship.
You were not hungry.

You visited 8 branches of the dungeon, and saw 32 of its levels.

You collected 3117 gold pieces.
You spent 512 gold pieces at shops.

Inventory:

Hand Weapons
 a - a +9 dagger of pain (weapon)
 t - the +10 dagger "Fabboi" {freeze, *Slow Int+4 Dex+8}
   (You bought it in a shop on level 12 of the Dungeon)

   It has been specially enchanted to freeze those struck by it, causing extra
   injury to most foes and up to half again as much damage against particularly
   susceptible opponents.
   It can also slow down cold-blooded creatures.
   It affects your intelligence (+4).
   It affects your dexterity (+8).
   It may slow you when you take damage.
Missiles
 k - a curare-tipped needle
 M - 11 throwing nets (quivered)
Armour
 b - a +1 hat of see invisible (worn)
 d - a +0 cloak (worn)
 l - a +2 robe of cold resistance
 x - a +1 buckler (worn)
 B - a +1 robe of magic resistance (worn)
Jewellery
 e - an uncursed ring of protection from cold
 v - the ring "Qudubopp" (right hand) {*Contam rC+ Int+7 SInv}
   (You acquired it on level 1 of the Spider Nest)

   [ring of protection from cold]

   It affects your intelligence (+7).
   It protects you from cold.
   It lets you see invisible.
   It causes magical contamination when unequipped.
 E - a +3 ring of slaying
 F - a ring of protection from fire (left hand)
 V - an uncursed ring of stealth
Wands
 w - a wand of disintegration (21/24)
 N - a wand of digging (20/24)
Scrolls
 h - 3 scrolls of fog
 m - 7 scrolls of teleportation
 n - a scroll of magic mapping
 D - 3 scrolls of remove curse
Potions
 f - 5 potions of haste
 i - 5 potions of brilliance
 j - 4 potions of agility
 o - a potion of invisibility
 q - a potion of curing
 s - a potion of ambrosia
 z - 2 potions of might
 C - a potion of berserk rage {unknown}
 G - 5 potions of heal wounds
 I - 4 potions of flight
 P - a potion of cancellation {unknown}
 Y - 2 potions of magic {unknown}
Miscellaneous
 p - a lamp of fire
 u - a phantom mirror
 K - a crystal ball of energy
Comestibles
 g - 4 bread rations
 A - 12 royal jellies


   Skills:
 - Level 6.0 Fighting
 - Level 10.0 Short Blades
 - Level 2.0 Throwing
 + Level 20.5 Dodging
 - Level 23.0 Stealth
 - Level 7.2 Shields
 + Level 11.2 Spellcasting
 + Level 11.7 Hexes
 - Level 5.0 Charms
 + Level 14.1 Necromancy
 - Level 5.0 Translocations


You had 5 spell levels left.
You knew the following spells:

 Your Spells              Type           Power        Failure   Level  Hunger
a - Confuse               Hex            #######.     1%          3    None
b - Tukima's Dance        Hex            #######.     1%          3    None
c - Corpse Rot            Necr           N/A          0%          2    None
d - Regeneration          Chrm/Necr      #######...   1%          3    None
e - Darkness              Hex            #######...   1%          6    #####..
f - Animate Dead          Necr           N/A          1%          4    None
g - Dispel Undead         Necr           #######.     1%          5    ###....
h - Shroud of Golubria    Chrm/Tloc      ######....   1%          2    None
i - Invisibility          Hex            #######.     1%          6    #####..


Dungeon Overview and Level Annotations

Branches:
Dungeon (15/15)            Temple (1/1) D:7            Lair (6/6) D:10
 Shoals (4/4) Lair:4       Spider (1/4) Lair:2        Slime (0/5) Lair:5
    Orc (2/2) D:11            Elf (0/3) Orc:2        Vaults (2/5) D:13
 Depths (1/5) D:15
  Crypt: Vaults:2-3

Altars:
Ashenzari
Cheibriados
Dithmenos
Elyvilon
Fedhas
Gozag
Hepliaklqana
Kikubaaqudgha
Makhleb
Nemelex Xobeh
Okawaru
Qazlal
Ru
Sif Muna
Trog
Uskayaw
Vehumet
Xom
Yredelemnul
Zin
The Shining One
Beogh
Jiyva

Shops:
D:12 :(   Orc:2 !*:[:

Portals:
Pandemonium: Orc:2
Trove: Vaults:1 (give 5 scrolls of blinking)

Annotations:
D:7 exclusion: ice statue
D:9 exclusion: oklob plant


Innate Abilities, Weirdness & Mutations

You are very small and have problems with some larger weapons.
You are too small for most types of armour.
You have supernaturally acute eyesight. (SInv)
You are a herbivore.
You cover ground extremely quickly.
You need consume almost no food.
You are mostly covered in thin metallic scales. (AC +3)
You are agile. (Dex +2)
Your mind is acute. (Int +2)
You are resistant to hostile enchantments. (MR+)
You evolve.


Message History

The orc hits your cyclops zombie but does no damage.
Your cyclops zombie hits the yaktaur.
The yaktaur hits your yaktaur zombie but does no damage.
You hit the orc knight but do no damage.
The orc knight writhes in agony.
The orc knight is moderately wounded.
You feel sick.
The orc warrior hits your yaktaur zombie with a dire flail!
Your yaktaur zombie is destroyed!
Your enchanted great mace hits the orc knight.
You hit the orc knight.
The orc knight writhes in agony.
The orc knight is heavily wounded.
You feel sick.
The orc hits your cyclops zombie but does no damage.
The yaktaur wields an uncursed arbalest.
The yaktaur shoots a bolt.
The bolt hits your orc knight zombie!
Your orc knight zombie is destroyed!
The vault warden hits you from afar with a glaive of venom!!
You die...
Kikubaaqudgha rasps: "You have failed me!
Welcome... death!"

#.....# #.....# #.....#
###########.....#
..........#.....#
......co..#.....#
......oo.(#.....#
.....cc(@(#.[...######+##
......c(((+..............
......pZ..#..............
......o...#......(.......
###########.......^......
#..............
############'## #......#
#......#


You could see a vault warden, an orc knight (confused), 4 yaktaurs, an orc
warrior, 2 orcs, a friendly enchanted great mace and a friendly cyclops zombie.

Vanquished Creatures
  Margery (D:15)
  Jorgrun (Shoals:3)
  A kraken (Shoals:1)
  Gastronok (Orc:1)
  A tengu reaver (D:15)
  Ilsuiw (Shoals:4)
  An orc warlord (D:15)
  A frost giant (Shoals:4)
  Aizul (Shoals:1)
  5 very ugly things (D:15)
  A war gargoyle (D:15)
  2 stone giants (D:15)
  2 merfolk javelineers (Shoals:4)
  An ettin (D:15)
  10 merfolk impalers
  Snorg (D:14)
  A yaktaur captain (D:15)
  3 ice dragons
  4 ogre magi
  3 rakshasas (D:15)
  2 great orbs of eyes
  3 fire dragons
  The ghost of murphy the Destroyer, a journeyman DsFE of Uskayaw (D:11)
  6 hydras
  Josephine (D:14)
  A vault guard (D:13)
  2 catoblepae
  A merfolk aquamancer (Shoals:1)
  19 two-headed ogres
  10 centaur warriors
  2 satyrs
  An anaconda (shapeshifter) (Vaults:1)
  2 merfolk avatars
  A death knight (D:15)
  2 death yaks (Lair:5)
  2 deep troll earth magi (D:15)
  A tengu warrior (D:15)
  3 orc high priests
  2 fire crabs
  A sixfirhy (Orc:2)
  3 hell knights
  18 sea snakes
  A gelid demonspawn (Orc:2)
  3 skeletal warriors (Vaults:1)
  A torturous demonspawn (Orc:2)
  A fire crab (shapeshifter) (Vaults:1)
  5 unseen horrors
  A deep troll (D:15)
  A flayed ghost (D:15)
  2 glowing orange brains
  An infernal demonspawn (Orc:2)
  An ironbrand convoker (Vaults:1)
  Pikel (D:6)
  A harpy (shapeshifter) (D:15)
  15 harpies
  6 wolf spiders
  4 deep elf magi
  11 orc knights
  15 ugly things
  3 orb spiders
  15 manticores
  12 orc sorcerers
  7 fauns
  3 elephants (Lair:6)
  5 cyclopes
  11 merfolk sirens
  Maurice (D:8)
  3 vault sentinels (Vaults:1)
  An orange demon (Orc:2)
  4 water nymphs
  9 black mambas
  2 molten gargoyles (Lair:6)
  A spiny frog (shapeshifter) (D:10)
  A centaur skeleton (D:13)
  6 gargoyles
  6 spiny frogs
  3 rime drakes (Lair:5)
  5 komodo dragons
  A yaktaur (D:15)
  A freezing wraith (D:15)
  2 demonic crawlers (Spider:1)
  An efreet (D:15)
  3 kobold demonologists
  A tengu conjurer (Depths:1)
  10 trolls
  A hellwing (Orc:2)
  18 merfolk
  3 jumping spiders (Spider:1)
  6 wind drakes
  A wind drake (shapeshifter) (D:14)
  2 hornets
  17 blink frogs
  A dream sheep (Lair:6)
  15 hippogriffs
  6 slime creatures
  Sigmund (D:2)
  15 snapping turtles
  4 shadows
  6 water elementals
  12 wyverns
  15 redbacks
  4 wraiths
  31 yaks
  7 tarantellas (Spider:1)
  3 fire bats (Lair:3)
  A neqoxec (Orc:2)
  14 basilisks
  A human simulacrum (Vaults:1)
  8 vampire mosquitoes
  4 hungry ghosts
  4 wargs
  4 steam dragons
  2 acid dragons (D:15)
  2 soldier ants
  Duvessa (D:4)
  24 water moccasins
  5 hell hounds
  A porcupine (shapeshifter) (D:15)
  5 porcupines
  A slave (D:6)
  4 sky beasts
  47 orc warriors
  2 eyes of draining
  7 ice beasts
  A phantom (D:8)
  A black bear (D:5)
  24 ogres
  3 necrophages
  9 boggarts
  8 wolves
  21 centaurs
  13 crocodiles
  6 big kobolds
  22 bullfrogs
  A wyvern zombie (D:13)
  A gnoll sergeant (D:10)
  Dowan (D:4)
  A wyvern skeleton (D:8)
  5 scorpions
  A water moccasin skeleton (D:8)
  An electric eel (Lair:4)
  6 lava snakes
  9 centaur zombies
  2 bullfrog zombies (D:12)
  12 crimson imps
  9 jellies
  8 hounds
  Crazy Yiuf (D:2)
  A gnoll shaman (Orc:2)
  24 orc priests
  An iguana (D:12)
  Natasha (twice) (D:2)
  14 worker ants
  24 orc wizards
  2 hound zombies
  A hound skeleton (D:5)
  2 worker ant zombies
  12 gnolls
  14 adders
  2 shadow imps
  6 oozes
  3 adder skeletons
  3 worms
  3 dart slugs
  7 leopard geckos
  86 orcs
  3 giant cockroaches
  8 goblins
  5 hobgoblins
  12 jackals
  4 quokkas
  5 bats
  3 frilled lizards
  A jackal skeleton (D:8)
  21 kobolds
  A leopard gecko skeleton (D:8)
  11 rats
  2 plants
  2 tentacles (Shoals:1)
1069 creatures vanquished.

Vanquished Creatures (collateral kills)
  A storm dragon (D:15)
  A frost giant (D:15)
  A merfolk javelineer (Shoals:4)
  An ettin (D:15)
  A merfolk impaler (Shoals:4)
  A yaktaur captain (D:15)
  A centaur warrior (Depths:1)
  A merfolk avatar (Shoals:4)
  2 two-headed ogres
  2 merfolk aquamancers
  An orc high priest (D:15)
  A deep elf knight (D:15)
  5 sea snakes
  2 harpies (Shoals:1)
  3 wolf spiders
  2 orb spiders (Spider:1)
  4 fauns
  An ugly thing (Vaults:1)
  2 manticores (Shoals:2)
  3 merfolk sirens
  2 water nymphs
  An orange demon (Orc:2)
  A centaur skeleton (D:15)
  6 merfolk
  A jumping spider (Spider:1)
  A slime creature (D:15)
  2 snapping turtles (Shoals:4)
  5 redbacks (Spider:1)
  A centaur simulacrum (D:15)
  2 tarantellas (Spider:1)
  11 water elementals
  4 orc warriors
  A necrophage (D:15)
  3 ogres (Vaults:1)
  A centaur (D:15)
  A killer bee (Spider:1)
  2 orc priests
  An orc wizard (Orc:2)
  A shadow imp (D:15)
  2 orcs
  A fungus (D:15)
  9 plants
95 creatures vanquished.

Vanquished Creatures (others)
  An unseen horror (D:15)
  19 dancing weapons
  A slave (D:6)
  18 fungi
  49 plants
  30 tentacles (Shoals:1)
118 creatures vanquished.

Grand Total: 1282 creatures vanquished

Notes
Turn   | Place    | Note
-------+----------+-------------------------------------------
     0 | D:1      | Mesmaeker13 the Spriggan Assassin began the quest for the Orb.
     0 | D:1      | Reached XP level 1. HP: 10/10 MP: 2/2
    26 | D:1      | Reached skill level 6 in Stealth
    47 | D:1      | Reached XP level 2. HP: 14/14 MP: 3/3
   713 | D:2      | Noticed Natasha
   716 | D:2      | Killed Natasha
   716 | D:2      | Reached XP level 3. HP: 18/18 MP: 4/4
   826 | D:2      | Found a faded altar of an unknown god.
   858 | D:2      | Reached XP level 4. HP: 10/22 MP: 5/5
  1211 | D:2      | Noticed Sigmund
  1213 | D:2      | Killed Sigmund
  1213 | D:2      | Reached skill level 5 in Dodging
  1213 | D:2      | Reached skill level 8 in Stealth
  1213 | D:2      | Reached XP level 5. HP: 25/25 MP: 6/6
  1510 | D:2      | Noticed Natasha
  1522 | D:2      | Killed Natasha
  1522 | D:2      | Reached XP level 6. HP: 23/30 MP: 7/7
  1619 | D:2      | Found a runed door.
  1897 | D:2      | Noticed Crazy Yiuf
  1912 | D:2      | Killed Crazy Yiuf
  2294 | D:3      | Found a bloodstained altar of Trog.
  2294 | D:3      | Found a sparkling altar of Nemelex Xobeh.
  2829 | D:4      | Noticed Duvessa
  2831 | D:4      | Noticed Dowan
  3098 | D:4      | Killed Duvessa
  3098 | D:4      | Reached skill level 5 in Short Blades
  3098 | D:4      | Reached XP level 7. HP: 13/33 MP: 8/8
  3487 | D:4      | Killed Dowan
  3487 | D:4      | Reached skill level 9 in Stealth
  3487 | D:4      | Reached skill level 1 in Shields
  3558 | D:4      | Learned a level 3 spell: Confuse
  3957 | D:4      | Reached skill level 1 in Hexes
  4222 | D:4      | Found a burning altar of Makhleb.
  4223 | D:4      | Found a radiant altar of Vehumet.
  4320 | D:5      | Entered Level 5 of the Dungeon
  4561 | D:5      | Reached XP level 8. HP: 37/37 MP: 9/9
  4718 | D:5      | Found a glowing silver altar of Zin.
  4718 | D:5      | Found an opulent altar of Gozag.
  4918 | D:5      | Reached skill level 10 in Stealth
  5443 | D:6      | Noticed Pikel
  5478 | D:6      | Killed Pikel
  5537 | D:6      | Reached skill level 5 in Hexes
  5594 | D:6      | Reached XP level 9. HP: 39/41 MP: 10/10
  5631 | D:6      | Learned a level 3 spell: Tukima's Dance
  5682 | D:6      | Reached skill level 11 in Stealth
  6117 | D:7      | Found a staircase to the Ecumenical Temple.
  6126 | Temple   | Entered the Ecumenical Temple
  6332 | Temple   | Became a worshipper of Kikubaaqudgha
  6789 | D:7      | Noticed an ice statue
  7079 | D:7      | Reached skill level 10 in Dodging
  7243 | D:8      | Found a sparkling altar of Nemelex Xobeh.
  7645 | D:8      | Noticed Maurice
  7654 | D:8      | Killed Maurice
  7654 | D:8      | Reached skill level 12 in Stealth
  7654 | D:8      | Reached skill level 1 in Necromancy
  7795 | D:8      | Reached * piety under Kikubaaqudgha
  7795 | D:8      | Identified Kikubaaqudgha's Incunabulum of Darkness (Kikubaaqudgha gifted it to you on level 8 of the Dungeon)
  7795 | D:8      | Received a gift from Kikubaaqudgha
  7986 | D:8      | Reached XP level 10. HP: 46/46 MP: 11/11
  8344 | D:8      | Reached skill level 1 in Spellcasting
  8753 | D:9      | Noticed a two-headed ogre
  8850 | D:8      | Killed a two-headed ogre
  9338 | D:9      | Learned a level 2 spell: Corpse Rot
  9606 | D:9      | Found a blossoming altar of Fedhas.
  9618 | D:9      | Noticed an oklob plant
  9971 | D:9      | Reached skill level 13 in Stealth
 10036 | D:9      | Reached ** piety under Kikubaaqudgha
 10660 | D:10     | Entered Level 10 of the Dungeon
 10726 | D:10     | Noticed a gargoyle
 11213 | D:10     | Reached *** piety under Kikubaaqudgha
 11213 | D:10     | Identified Kikubaaqudgha's Catalogue of Sinister Secrets (Kikubaaqudgha gifted it to you on level 10 of the Dungeon)
 11213 | D:10     | Received a gift from Kikubaaqudgha
 11251 | D:10     | Found a staircase to the Lair.
 11444 | D:10     | Reached XP level 11. HP: 46/49 MP: 18/18
 12103 | D:11     | Found a staircase to the Orcish Mines.
 12123 | D:11     | Found a roughly hewn altar of Beogh.
 12379 | D:11     | Got a translucent falchion
 12635 | D:11     | Noticed murphy's ghost (journeyman DsFE)
 12790 | D:10     | Reached **** piety under Kikubaaqudgha
 12790 | D:10     | Reached skill level 10 in Short Blades
 12811 | Lair:1   | Entered Level 1 of the Lair of Beasts
 13763 | D:10     | Reached skill level 14 in Stealth
 14040 | D:10     | Identified the +9 falchion of the Warrior-Mage {slice, rElec Dex+4} (You found it on level 11 of the Dungeon)
 14146 | Lair:1   | Learned a level 3 spell: Regeneration
 14446 | Lair:1   | Reached skill level 5 in Necromancy
 14943 | Lair:1   | Reached skill level 1 in Charms
 15594 | Lair:2   | Noticed a four-headed hydra
 15609 | Lair:2   | Killed a four-headed hydra
 15769 | Lair:2   | Found a hole to the Spider Nest.
 15769 | Lair:2   | Noticed an orb spider
 15783 | Lair:2   | Killed an orb spider
 15783 | Lair:2   | Reached XP level 12. HP: 53/53 MP: 19/19
 16208 | Lair:2   | Reached ***** piety under Kikubaaqudgha
 16208 | Lair:2   | Reached skill level 15 in Stealth
 16918 | Lair:3   | Reached skill level 5 in Shields
 16949 | Lair:3   | Got a dazzling falchion
 16994 | Lair:3   | Reached skill level 5 in Charms
 17211 | Lair:3   | Found a dark tunnel.
 17842 | Lair:4   | Noticed a catoblepas
 17848 | Lair:4   | Killed a catoblepas
 17848 | Lair:4   | Reached skill level 5 in Spellcasting
 18082 | Lair:4   | Identified the +7 falchion "Udumpor" {slice, +Blink MR+} (You found it on level 3 of the Lair of Beasts)
 18467 | Lair:4   | Found a staircase to the Shoals.
 18913 | Lair:5   | Noticed an eight-headed hydra
 19013 | Lair:5   | Reached skill level 16 in Stealth
 19027 | Lair:5   | Noticed a five-headed hydra
 19525 | Lair:5   | Found a staircase to the Slime Pits.
 19525 | Lair:5   | Found a viscous altar of Jiyva.
 19830 | Lair:5   | Noticed a catoblepas
 20051 | Lair:5   | Killed a five-headed hydra
 20079 | Lair:5   | Reached XP level 13. HP: 57/57 MP: 21/23
 20764 | Lair:6   | Entered Level 6 of the Lair of Beasts
 21339 | Lair:6   | Reached skill level 17 in Stealth
 22295 | Lair:6   | Noticed a fire dragon
 22436 | Lair:6   | Reached ****** piety under Kikubaaqudgha
 22439 | Lair:6   | Identified a +7 dagger of pain (a +5 dagger bloodied by Kikubaaqudgha)
 22439 | Lair:6   | Received a gift from Kikubaaqudgha
 22918 | Lair:6   | Found a large runed door.
 22919 | Lair:6   | Found a large runed door.
 23445 | Lair:6   | Killed a fire dragon
 23692 | Lair:1   | Learned a level 6 spell: Darkness
 23766 | Orc:1    | Entered Level 1 of the Orcish Mines
 23842 | Orc:1    | Noticed Gastronok
 23852 | Orc:1    | Killed Gastronok
 24014 | Orc:1    | Reached skill level 18 in Stealth
 24014 | Orc:1    | Reached XP level 14. HP: 61/61 MP: 28/28
 24495 | Orc:2    | Entered Level 2 of the Orcish Mines
 24496 | Orc:2    | Found Diott's Book Emporium.
 25044 | Orc:2    | Found a roughly hewn altar of Beogh.
 25487 | Orc:2    | Found a staircase to the Elven Halls.
 25824 | Orc:2    | Gained mutation: You are frail. (-10% HP) [a neqoxec]
 25845 | Orc:2    | Gained mutation: You do not regenerate when monsters are visible. [a neqoxec]
 26058 | Orc:2    | Found Xigenara's Distillery.
 26059 | Orc:2    | Found Cosk's General Store.
 26638 | Orc:2    | Reached skill level 19 in Stealth
 27718 | Orc:2    | Found Cafasyto's Book Boutique.
 27718 | Orc:2    | Found Gatosech's Antique Armour Shop.
 27719 | Orc:2    | Found a one-way gate leading to the halls of Pandemonium.
 27725 | Orc:2    | Reached skill level 15 in Dodging
 28048 | Orc:2    | Reached skill level 10 in Necromancy
 28386 | Orc:2    | Bought a book of Necromancy for 330 gold pieces
 28392 | Orc:2    | Learned a level 4 spell: Animate Dead
 28560 | Lair:1   | Learned a level 5 spell: Dispel Undead
 28952 | D:11     | Killed murphy's ghost
 29522 | D:12     | Found Ykoa's Antique Weapon Boutique.
 29530 | D:12     | Bought a jewelled dagger for 182 gold pieces
 29602 | D:12     | Found a viscous altar of Jiyva.
 29813 | D:12     | Identified the +10 dagger "Fabboi" {freeze, *Slow Int+4 Dex+8} (You bought it in a shop on level 12 of the Dungeon)
 29954 | D:12     | Found Puosuol's Book Emporium.
 30324 | D:13     | Found a gate to the Vaults.
 30386 | D:13     | Reached skill level 20 in Stealth
 30454 | D:13     | Reached XP level 15. HP: 58/58 MP: 9/29
 30975 | D:14     | Noticed Snorg
 30989 | D:14     | Killed Snorg
 31214 | D:14     | Noticed Josephine
 31226 | D:14     | Killed Josephine
 31810 | D:15     | Entered Level 15 of the Dungeon
 32522 | D:15     | Found a staircase to the Depths.
 32594 | D:15     | Found a sparkling altar of Nemelex Xobeh.
 32595 | D:15     | Found a radiant altar of Vehumet.
 32596 | D:15     | Found a basalt altar of Yredelemnul.
 32703 | D:15     | Noticed a frost giant
 33376 | D:15     | Reached skill level 21 in Stealth
 33489 | D:15     | Noticed an orc warlord
 33517 | D:15     | Killed an orc warlord
 34503 | D:15     | Reached skill level 5 in Fighting
 34528 | D:15     | Reached XP level 16. HP: 57/68 MP: 2/30
 34543 | D:15     | Noticed a storm dragon
 34845 | D:15     | Killed a storm dragon
 34978 | D:15     | Identified the Volume of Translocation and Envenoming
 35504 | Shoals:1 | Entered Level 1 of the Shoals
 35504 | Shoals:1 | Noticed Aizul
 35522 | Shoals:1 | Killed Aizul
 36782 | Shoals:1 | Noticed a kraken
 37306 | Shoals:1 | Killed a kraken
 37524 | Lair:1   | Learned a level 2 spell: Shroud of Golubria
 37601 | Spider:1 | Entered Level 1 of the Spider Nest
 37744 | Spider:1 | Reached skill level 1 in Translocations
 38217 | Lair:2   | Reached skill level 22 in Stealth
 38911 | Spider:1 | Identified a scroll of acquirement
 38915 | Spider:1 | Got an ancient brass ring
 38917 | Spider:1 | Identified the ring "Qudubopp" {*Contam rC+ Int+7 SInv} (You acquired it on level 1 of the Spider Nest)
 38951 | Lair:2   | Lost mutation: You do not regenerate when monsters are visible. [potion of mutation]
 38951 | Lair:2   | Lost mutation: You are frail. (-10% HP) [potion of mutation]
 38951 | Lair:2   | Gained mutation: You evolve. [potion of mutation]
 38951 | Lair:2   | Gained mutation: You are partially covered in thin metallic scales. (AC +2) [potion of mutation]
 38951 | Lair:2   | Gained mutation: You are mostly covered in thin metallic scales. (AC +3) [potion of mutation]
 38951 | Lair:2   | Gained mutation: You are resistant to hostile enchantments. (MR+) [potion of mutation]
 39279 | Depths:1 | Entered Level 1 of the Depths
 39943 | D:15     | Reached skill level 5 in Translocations
 40588 | Depths:1 | Noticed Margery
 40603 | D:15     | Reached XP level 17. HP: 77/81 MP: 22/31
 40646 | D:15     | Gained mutation: You are agile. (Dex +2) [evolution]
 40832 | D:15     | Killed Margery
 42115 | Shoals:2 | Got a bloodstained whip {slash}
 42132 | Shoals:2 | Identified the +10 whip "Ithrewasu" {slash, Dex+2} (You took it off a merfolk siren on level 2 of the Shoals)
 42725 | Shoals:3 | Noticed Jorgrun
 42732 | Shoals:3 | Reached skill level 10 in Hexes
 42742 | Shoals:3 | Killed Jorgrun
 42742 | Shoals:3 | Reached skill level 23 in Stealth
 43395 | Lair:1   | Learned a level 6 spell: Invisibility
 43579 | Shoals:4 | Entered Level 4 of the Shoals
 44351 | Shoals:4 | Noticed Ilsuiw
 44372 | Shoals:4 | Killed Ilsuiw
 45164 | Shoals:4 | Reached skill level 10 in Spellcasting
 45212 | Shoals:4 | Got a barnacled rune of Zot
 46252 | Shoals:3 | Gained mutation: Your mind is acute. (Int +2) [evolution]
 46526 | Vaults:1 | Entered Level 1 of the Vaults
 46651 | Vaults:1 | Reached XP level 18. HP: 58/86 MP: 26/33
 47433 | Vaults:1 | Found a portal to a secret trove of treasure.
 48357 | Vaults:2 | Mangled by a vault warden

Skill      XL: |  1  2  3  4  5  6  7  8  9 10 11 12 13 14 15 16 17 18 |
---------------+-------------------------------------------------------+-----
Stealth        | 6 8 9 10 12 13 14 16 18 20 21 22 23 | 23.0
Dodging        | 2 3 5 6 7 9 10 11 12 13 15 17 18 20 | 20.5
Short Blades   | 3 4 5 7 8 9 10 | 10.0
Shields        | 1 3 4 6 7 |  7.2
Hexes          | 2 5 7 8 11 | 11.7
Necromancy     | 1 3 5 7 8 10 11 12 13 14 | 14.1
Spellcasting   | 4 6 9 10 11 | 11.2
Charms         | 3 5 |  5.0
Fighting       | 5 6 |  6.0
Translocations | 5 |  5.0
Throwing       | |  2.0

Action                   |  1- 3 |  4- 6 |  7- 9 | 10-12 | 13-15 | 16-18 || total
-------------------------+-------+-------+-------+-------+-------+-------++-------
Melee: Dagger            |    76 |    96 |    71 |   437 |  1304 |  1332 ||  3316
       Quarterstaff      |       |    55 |   214 |   334 |       |       ||   603
       Falchion          |       |       |       |    30 |    36 |       ||    66
 Fire: Blowgun           |     6 |    17 |    13 |     6 |       |       ||    42
Throw: Throwing net      |       |       |       |     1 |     1 |     3 ||     5
 Cast: Confuse           |       |       |    13 |   195 |   242 |   218 ||   668
       Corpse Rot        |       |       |       |    15 |    10 |     1 ||    26
       Regeneration      |       |       |       |     4 |    11 |    63 ||    78
       Tukima's Dance    |       |       |       |       |    57 |    62 ||   119
       Dispel Undead     |       |       |       |       |    10 |     5 ||    15
       Animate Dead      |       |       |       |       |    27 |    80 ||   107
       Shroud of Golubri |       |       |       |       |       |    32 ||    32
Invok: Brand Weapon With |       |       |       |       |     1 |       ||     1
       Receive Corpses   |       |       |       |       |     6 |    19 ||    25
Evoke: Wand              |       |       |     2 |    10 |     1 |     1 ||    14
  Use: Scroll            |     1 |     3 |     5 |    18 |     6 |    19 ||    52
       Potion            |       |       |     1 |       |     3 |    14 ||    18
 Stab: Sleeping          |     6 |    11 |    22 |    48 |    68 |    26 ||   181
       Confused          |       |     1 |    10 |    90 |   100 |    91 ||   292
       Distracted        |       |     1 |     2 |     7 |    19 |    28 ||    57
       Petrifying        |       |       |     1 |     2 |       |       ||     3
       Held in net/web   |       |       |       |     2 |       |     3 ||     5
       Invisible         |       |       |       |       |       |     4 ||     4
  Eat: Bread ration      |       |       |     1 |     4 |     2 |     4 ||    11
       Fruit             |       |       |       |     6 |     9 |     9 ||    24
       Royal jelly       |       |       |       |     4 |     1 |       ||     5
Armor: Robe              |    13 |    11 |    16 |    11 |    23 |    30 ||   104
       Steam dragon scal |       |       |       |    31 |       |       ||    31
Dodge: Dodged            |    50 |   107 |   283 |   618 |   696 |   981 ||  2735
Block: Buckler           |       |       |       |    88 |   394 |   458 ||   940
       Rpst.: Falchion   |       |       |       |     6 |    12 |       ||    18
